[Event "Titled Tuesday Blitz May 23 Late 2023"]
[White "Urbina Perez, Juan Antonio"]
[Black "Pakleza, Zbigniew"]
[WhiteFideId "2217368"]
[BlackFideId "1119290"]
[WhiteElo "2197"]
[BlackElo "2410"]
[Result "0-1"]
[Round "03"]
[TimeControl "180+2"]
[Date "2023.05.23"]
[WhiteClock "0:00:09"]
[BlackClock "0:00:05"]

1. e4 d6 2. d4 Nf6 3. f3 Nbd7 4. Be3 e5 5. dxe5 dxe5 6. Bc4 Bd6 7. Ne2 Qe7 8. Nbc3 Bc5 9. Qd2 O-O 10. O-O-O c6 11. Bb3 b5 12. Ng3 Bxe3 13. Qxe3 Qc5 14. Nf5 Qxe3+ 15. Nxe3 Nc5 16. Ne2 a5 17. c3 Nxb3+ 18. axb3 Be6 19. Kc2 a4 20. Nc1 Nd7 21. bxa4 bxa4 22. Rd6 Rfc8 23. Rhd1 Nb6 24. R1d2 g6 25. Nd3 a3 26. bxa3 Rxa3 27. Nxe5 Na4 28. Nd1 c5 29. Rd8+ Rxd8 30. Rxd8+ Kg7 31. Rb8 c4 32. Nc6 Nc5 33. Nd4 Bd7 34. Nb2 Ra1 35. Rd8 Ba4+ 36. Nxa4 Nxa4 37. Nf5+ gxf5 38. Rd7 Ra2+ 39. Kb1 Nxc3+ 40. Kc1 fxe4 41. fxe4 Rxg2 42. Rc7 Ne2+ 43. Kd1 Nc3+ 44. Ke1 Nxe4 45. Rxc4 Nf6 46. h4 Rg4 47. Rc5 Rxh4 48. Rg5+ Kh6 49. Rf5 Kg6 50. Rf2 Rg4 0-1


[Site "https://www.chess.com"]

[Event "Titled Tuesday Blitz May 23 Late 2023"]
[White "merinasian"]
[Black "Sethuraman, S.P."]
[BlackFideId "5021596"]
[WhiteElo "2465"]
[BlackElo "2543"]
[Result "0-1"]
[Round "03"]
[TimeControl "180+2"]
[Date "2023.05.23"]
[WhiteClock "0:02:06"]
[BlackClock "0:02:21"]

1. d4 d6 2. Nf3 g6 3. g3 Bg7 4. Bg2 Bd7 5. O-O Qc8 6. e4 Bh3 7. Nc3 h5 8. Bg5 Nc6 9. d5 Ne5 10. Nxe5 Bxe5 11. f4 Bxc3 12. bxc3 Bxg2 13. Kxg2 f6 14. Bh4 Nh6 15. f5 g5 16. Qxh5+ Nf7 17. Qg6 gxh4 18. gxh4 Qd7 19. Rf3 Rf8 20. Rg1 O-O-O 21. Kh1 Ne5 0-1


[Site "https://www.chess.com"]

[Event "Titled Tuesday Blitz May 23 Late 2023"]
[White "Trifan, Andrei Ioan"]
[Black "Makridis, Dimitrios"]
[WhiteFideId "12967068"]
[BlackFideId "25864475"]
[WhiteElo "2208"]
[BlackElo "2277"]
[Result "0-1"]
[Round "03"]
[TimeControl "180+2"]
[Date "2023.05.23"]
[WhiteClock "0:00:11"]
[BlackClock "0:00:18"]

1. e4 c5 2. Nf3 a6 3. c4 Nc6 4. d4 cxd4 5. Nxd4 Nf6 6. Nc3 e5 7. Nf5 d6 8. Bg5 h6 9. Bxf6 Qxf6 10. Bd3 g6 11. Ne3 h5 12. O-O Bh6 13. Ned5 Qd8 14. f4 exf4 15. Nxf4 Ne5 16. Ncd5 Ng4 17. h3 Ne5 18. Be2 Be6 19. Qb3 Bxd5 20. Nxd5 O-O 21. Rf2 Bg7 22. Raf1 Nd7 23. Kh1 Rb8 24. Qc2 Ne5 25. a4 Qh4 26. b3 Rbe8 27. Rf4 Qg5 28. Qd1 Nc6 29. Nc7 Be5 30. R4f3 Rd8 31. Nd5 Nd4 32. Rd3 Ne6 33. Bf3 Nf4 34. Qd2 f6 35. Nxf4 Bxf4 36. Qe2 Be5 37. Kg1 Qg3 38. Qe1 Qh2+ 39. Kf2 Bg3+ 0-1


[Site "https://www.chess.com"]

[Event "Titled Tuesday Blitz May 23 Late 2023"]
[White "Kuznetsov, Felix"]
[Black "Senft, Sean"]
[WhiteFideId "34147990"]
[BlackFideId "2044960"]
[WhiteElo "2281"]
[BlackElo "1989"]
[Result "1-0"]
[Round "03"]
[TimeControl "180+2"]
[Date "2023.05.23"]
[WhiteClock "0:01:38"]
[BlackClock "0:00:07"]

1. e4 c5 2. Nf3 d6 3. d4 cxd4 4. Nxd4 Nf6 5. Nc3 a6 6. Be3 e5 7. Nb3 Be6 8. Qd2 Be7 9. O-O-O Nbd7 10. f4 exf4 11. Bxf4 Ne5 12. Nd4 O-O 13. Nxe6 fxe6 14. Bxe5 dxe5 15. Bc4 Qb6 16. Qd3 Rac8 17. Bb3 Bb4 18. Qh3 Rc6 19. Rhf1 Bxc3 20. bxc3 Rfc8 21. Rxf6 gxf6 22. Rd7 Kf8 23. Rxh7 Ke8 24. Rg7 Qc5 25. Qh5+ Kd8 26. Qh8+ Qf8 27. Qxf8# 1-0


[Site "https://www.chess.com"]

[Event "Titled Tuesday Blitz May 23 Late 2023"]
[White "Yanchenko, Roman"]
[Black "Rottenwohrer Suarez, Juan"]
[WhiteFideId "4137329"]
[BlackFideId "32068182"]
[WhiteElo "2491"]
[BlackElo "2174"]
[Result "1-0"]
[Round "03"]
[TimeControl "180+2"]
[Date "2023.05.23"]
[WhiteClock "0:01:28"]
[BlackClock "0:00:09"]

1. d4 Nf6 2. Nf3 g6 3. c4 Bg7 4. Nc3 d6 5. Bf4 O-O 6. e3 c5 7. Be2 cxd4 8. exd4 d5 9. O-O Nc6 10. h3 a6 11. Re1 dxc4 12. Bxc4 b5 13. Bb3 Na5 14. Bc2 Bb7 15. Ne5 Rc8 16. Rc1 Nd5 17. Bd2 Nc4 18. Nxc4 Rxc4 19. Ne2 Nb4 20. Bxb4 Rxb4 21. Bb3 Bd5 22. Bxd5 Qxd5 23. b3 Bxd4 24. a3 Rxb3 25. Qxd4 Qxd4 26. Nxd4 Rxa3 27. Rxe7 b4 28. Rb7 a5 29. Rcc7 Ra1+ 30. Kh2 Ra2 31. f3 Ra3 32. Ne6 Re8 33. Ng5 1-0


[Site "https://www.chess.com"]

[Event "Titled Tuesday Blitz May 23 Late 2023"]
[White "Dobre, Claudiu-Cristian"]
[Black "Zemlyanskii, Ivan"]
[WhiteFideId "1211854"]
[BlackFideId "24249971"]
[WhiteElo "2207"]
[BlackElo "2421"]
[Result "0-1"]
[Round "03"]
[TimeControl "180+2"]
[Date "2023.05.23"]
[WhiteClock "0:00:00"]
[BlackClock "0:00:58"]

1. e4 c5 2. b3 g6 3. Bb2 Nf6 4. Nc3 Bg7 5. Nd5 O-O 6. Nxf6+ exf6 7. Bc4 Re8 8. Bd5 f5 9. Bxg7 Kxg7 10. d3 Nc6 11. Ne2 Nb4 12. O-O Nxd5 13. exd5 d6 14. Qd2 Qf6 15. d4 b6 16. dxc5 bxc5 17. c4 Bd7 18. Nc3 f4 19. f3 Re3 20. Ne4 Qe5 21. b4 f5 22. Nf2 Re2 23. Qc1 cxb4 24. Rb1 a5 25. a3 Qd4 26. axb4 axb4 27. Qd1 Rd2 28. Qb3 Raa2 29. Rbd1 Rxf2 0-1


[Site "https://www.chess.com"]

[Event "Titled Tuesday Blitz May 23 Late 2023"]
[White "Koutlas, Nikolaos"]
[Black "Boyer, Mahel"]
[WhiteFideId "25827138"]
[BlackFideId "45102422"]
[WhiteElo "2215"]
[BlackElo "2439"]
[Result "0-1"]
[Round "03"]
[TimeControl "180+2"]
[Date "2023.05.23"]
[WhiteClock "0:00:11"]
[BlackClock "0:00:48"]

1. c4 e5 2. g3 c6 3. Nf3 e4 4. Nd4 Qb6 5. e3 d5 6. Nc3 Nf6 7. d3 exd3 8. Bxd3 dxc4 9. Bxc4 h5 10. h3 Nbd7 11. f4 Bb4 12. O-O Nc5 13. Kh2 Bxc3 14. bxc3 Nce4 15. Ba3 Ng4+ 16. hxg4 hxg4+ 17. Kg2 Rh3 18. Ne2 Qxe3 19. Qd3 Qxd3 20. Bxd3 Bf5 21. Nd4 Rxg3+ 22. Kh2 Rh3+ 23. Kg1 Rg3+ 24. Kh1 O-O-O 25. Bxe4 Rh8# 0-1


[Site "https://www.chess.com"]

[Event "Titled Tuesday Blitz May 23 Late 2023"]
[White "Thomforde-Toates, Noah"]
[Black "Bilan, Danila"]
[WhiteFideId "30951992"]
[BlackFideId "24161918"]
[WhiteElo "2732"]
[BlackElo "2182"]
[Result "1-0"]
[Round "03"]
[TimeControl "180+2"]
[Date "2023.05.23"]
[WhiteClock "0:00:24"]
[BlackClock "0:00:05"]

1. d4 d5 2. Nc3 Nf6 3. Bf4 c6 4. e3 Bf5 5. Bd3 Bg6 6. Nf3 e6 7. Ne5 Nbd7 8. Bg3 Nxe5 9. dxe5 Nd7 10. f4 Bc5 11. Qf3 Qb6 12. O-O Qxb2 13. Na4 Qa3 14. Nxc5 Nxc5 15. f5 exf5 16. Bxf5 Bxf5 17. Qxf5 Qxe3+ 18. Bf2 Qe4 19. Bxc5 Qxf5 20. Rxf5 b6 21. Ba3 c5 22. Raf1 O-O 23. Kf2 Rae8 24. Bb2 d4 25. c3 dxc3 26. Bxc3 Rd8 27. Ke2 Rd7 28. Rd1 Rxd1 29. Kxd1 Rd8+ 30. Ke2 Rd5 31. a4 Kf8 32. Rf3 Ke7 33. Rh3 h6 34. Rg3 g6 35. Rh3 h5 36. Rf3 a6 37. Rf6 b5 38. Rxa6 b4 39. Rd6 Rxd6 40. exd6+ Kxd6 41. Bg7 Kc6 42. Bf8 Kb6 43. Kd3 Ka5 44. Bxc5 Kxa4 45. Bd4 Kb3 46. g3 Ka2 47. Kc2 b3+ 48. Kc1 g5 49. Bb2 g4 50. Bd4 f5 51. Bb2 h4 52. Be5 hxg3 53. hxg3 Ka3 54. Kd2 b2 55. Bxb2+ Kxb2 56. Ke3 Kc3 57. Kf4 Kd3 58. Kxf5 Kd4 59. Kxg4 Ke4 60. Kg5 Ke5 61. g4 Ke6 62. Kg6 Ke7 63. g5 Kf8 64. Kh7 Kf7 65. g6+ Kf6 66. g7 1-0


[Site "https://www.chess.com"]

[Event "Titled Tuesday Blitz May 23 Late 2023"]
[White "Szpar, Milosz"]
[Black "Papayan, Oleg"]
[WhiteFideId "1184989"]
[BlackFideId "4193911"]
[WhiteElo "2434"]
[BlackElo "2171"]
[Result "1-0"]
[Round "03"]
[TimeControl "180+2"]
[Date "2023.05.23"]
[WhiteClock "0:00:21"]
[BlackClock "0:00:10"]

1. e4 e5 2. f4 exf4 3. Nf3 Nf6 4. e5 Qe7 5. d4 d6 6. Bxf4 dxe5 7. dxe5 Nh5 8. Bg5 f6 9. Bh4 g5 10. Nxg5 Qxe5+ 11. Qe2 Qxe2+ 12. Bxe2 Nf4 13. Nf3 Nxg2+ 14. Kf2 Nxh4 15. Nxh4 Bc5+ 16. Kf3 Bd7 17. Bd3 Nc6 18. Re1+ Ne5+ 19. Kf4 Bf2 20. Nf3 Bxe1 21. Nxe1 O-O 22. Nc3 Rae8 23. Nf3 Ng6+ 24. Kg3 Re3 25. Kf2 Ree8 26. Rg1 Kg7 27. h4 Kh6 28. Nd5 Bc6 29. Ne3 Bxf3 30. Nf5+ Kh5 31. Kxf3 Nxh4+ 32. Kf4 Ng6+ 33. Kf3 Ne5+ 34. Kf4 Nxd3+ 35. cxd3 Re5 36. d4 Rxf5+ 37. Kxf5 Kh4 38. Rh1+ Kg3 39. Rxh7 Rc8 40. Kxf6 Kf4 41. Ke6 Ke4 42. Rh4+ Kd3 43. Kd7 Rg8 44. Kxc7 Rg2 45. d5 Rxb2 46. d6 Kc3 47. d7 Rd2 48. d8=Q Rxd8 49. Kxd8 b5 50. Kc7 Kb2 51. Kb7 Kxa2 52. Ka6 b4 53. Rxb4 Ka3 54. Rb7 Ka4 55. Kxa7 Ka3 56. Rb6 Ka2 57. Kb7 Ka3 58. Kc6 Ka4 59. Kc5 Ka5 60. Rb1 Ka4 61. Rb8 Ka3 62. Kc4 Ka2 63. Kc3 Ka1 64. Kc2 Ka2 65. Ra8# 1-0


[Site "https://www.chess.com"]

[Event "Titled Tuesday Blitz May 23 Late 2023"]
[White "Zeman, Matyas"]
[Black "Kushko, Dmitriy"]
[WhiteFideId "364398"]
[BlackFideId "14162261"]
[WhiteElo "2254"]
[BlackElo "2230"]
[Result "1-0"]
[Round "03"]
[TimeControl "180+2"]
[Date "2023.05.23"]
[WhiteClock "0:00:06"]
[BlackClock "0:00:00"]

1. e4 g6 2. d4 Bg7 3. Nf3 d6 4. Bc4 Nc6 5. O-O Nf6 6. Nbd2 O-O 7. h3 e5 8. dxe5 Nxe5 9. Nxe5 dxe5 10. Qe2 Nh5 11. Nb3 Qh4 12. Nc5 b6 13. Nd3 Bb7 14. Re1 Kh8 15. Qg4 Qe7 16. a4 Rae8 17. a5 f5 18. exf5 Rxf5 19. axb6 axb6 20. Ra7 Bc8 21. Qe4 Qd6 22. Qd5 Nf6 23. Qxd6 cxd6 24. Nb4 e4 25. Be3 b5 26. Bf1 Nd7 27. c3 Nc5 28. Rd1 Rf6 29. Rc7 Rfe6 30. Bxb5 Rf8 31. Bc4 Ref6 32. Rc6 d5 33. Rxf6 Bxf6 34. Bxc5 1-0


[Site "https://www.chess.com"]

[Event "Titled Tuesday Blitz May 23 Late 2023"]
[White "Mihajlov, Sebastian"]
[Black "Kielinkei"]
[WhiteFideId "1512110"]
[WhiteElo "2478"]
[BlackElo "2448"]
[Result "0-1"]
[Round "03"]
[TimeControl "180+2"]
[Date "2023.05.23"]
[WhiteClock "0:00:02"]
[BlackClock "0:00:03"]

1. e4 c5 2. Nf3 e6 3. d4 cxd4 4. Nxd4 Nc6 5. Nc3 Qc7 6. Be3 a6 7. a3 Nf6 8. Be2 Be7 9. O-O O-O 10. f4 d6 11. Kh1 b5 12. Nxc6 Qxc6 13. e5 dxe5 14. fxe5 Nd5 15. Nxd5 exd5 16. Bd3 Bc5 17. Bxc5 Qxc5 18. Qh5 h6 19. Rfc1 Qe3 20. h4 Be6 21. Rf1 Qg3 22. Bf5 g6 23. Rf3 Qxe5 24. Bxg6 Qxh5 25. Bxh5 Rac8 26. c3 Rc4 27. g3 d4 28. Kh2 dxc3 29. bxc3 Rfc8 30. Raf1 Rxc3 31. Bxf7+ Bxf7 32. Rxf7 R3c7 33. R7f6 Rc6 34. Rf7 R6c7 35. R7f5 Rc3 36. Kh3 R3c5 37. Rf6 R5c6 38. R6f5 Rc5 39. Kg4 Rxf5 40. Rxf5 Rc3 41. Rf6 Rxa3 42. Rxh6 b4 43. Rb6 a5 44. Rb5 b3 45. Kf5 a4 46. Rb7 Ra2 47. Kg6 Kf8 48. h5 Rh2 49. h6 b2 50. h7 a3 51. Kf6 Ke8 52. Ke6 Rh6+ 53. Kf5 a2 54. Rxb2 a1=Q 55. Rb8+ Kf7 56. Rb7+ Ke8 57. Rb8+ Kd7 58. Rb7+ Kc6 59. Rf7 Qf1+ 0-1


[Site "https://www.chess.com"]

[Event "Titled Tuesday Blitz May 23 Late 2023"]
[White "Weetik, Vjacheslav"]
[Black "Kaplan, Avi Harrison"]
[WhiteFideId "4153472"]
[BlackFideId "30934559"]
[WhiteElo "2469"]
[BlackElo "1983"]
[Result "1-0"]
[Round "03"]
[TimeControl "180+2"]
[Date "2023.05.23"]
[WhiteClock "0:00:04"]
[BlackClock "0:00:07"]

1. d4 f5 2. g3 Nf6 3. Bg2 e6 4. c4 Bb4+ 5. Bd2 c5 6. dxc5 Bxc5 7. Nc3 O-O 8. Nf3 Ne4 9. O-O Qb6 10. e3 Qxb2 11. Nxe4 fxe4 12. Ng5 d5 13. cxd5 exd5 14. Bc3 Qxc3 15. Qxd5+ Kh8 16. Rac1 Qf6 17. Nxe4 Qf7 18. Qxf7 Rxf7 19. Rxc5 Nc6 20. Nd6 Rf8 21. Rb1 Rd8 22. Nf7+ Kg8 23. Nxd8 Nxd8 24. Rc7 Ne6 25. Bd5 Kf8 26. Rxc8+ Rxc8 27. Bxe6 Rc7 28. Kg2 b6 29. Bd5 Ke7 30. e4 Kf6 31. a4 h6 32. h4 Rc5 33. Rb5 Rc2 34. a5 bxa5 35. Rxa5 Rc7 36. Ra6+ Ke5 37. Re6+ Kd4 38. h5 Kc5 39. Ra6 Kb5 40. Ra1 a5 41. Kf3 a4 42. Ke3 Kb4 43. Kd4 a3 44. Rb1+ Ka4 45. Rb8 Rc1 46. Ra8+ Kb4 47. e5 Rd1+ 48. Ke4 Re1+ 49. Kf5 Kc5 50. Bf7 Kd4 51. f4 Re3 52. e6 Kc5 53. g4 Kd6 54. Ra6+ Ke7 55. Ra7+ Kd6 56. Rd7+ Kc6 57. Rd2 Kc5 58. Kg6 Kb4 59. Kxg7 Kc3 60. Rd8 Re4 61. Ra8 Kb2 62. Kf8 a2 63. Rxa2+ Kxa2 64. e7+ Kb1 65. e8=Q Rb4 66. Qe1+ Kb2 67. Qxb4+ Ka1 68. Qd2 Kb1 69. Bb3 Ka1 70. Qa2# 1-0


[Site "https://www.chess.com"]

[Event "Titled Tuesday Blitz May 23 Late 2023"]
[White "Matinian, Nikita"]
[Black "Kovalevsky, Stanislav"]
[WhiteFideId "24129100"]
[BlackFideId "13508598"]
[WhiteElo "2422"]
[BlackElo "2174"]
[Result "0-1"]
[Round "03"]
[TimeControl "180+2"]
[Date "2023.05.23"]
[WhiteClock "0:00:14"]
[BlackClock "0:00:11"]

1. e4 e6 2. d4 d5 3. Nc3 dxe4 4. Nxe4 Nf6 5. Nxf6+ gxf6 6. Nf3 Nc6 7. Bb5 Bd7 8. c3 Rg8 9. O-O Ne7 10. Bxd7+ Qxd7 11. Qe2 h5 12. a4 Qd5 13. Bf4 O-O-O 14. Kh1 Rg4 15. Be3 Nf5 16. Ne1 Bd6 17. c4 Qc6 18. c5 Bxh2 19. Kxh2 Rdg8 20. f3 Rh4+ 21. Kg1 Ng3 22. Kf2 Nxe2 23. Kxe2 e5 24. dxe5 Rxa4 25. Rxa4 Qxa4 26. exf6 Qc4+ 27. Nd3 Rxg2+ 28. Bf2 Qc2+ 29. Ke3 Rg6 30. Bh4 Qc4 31. f4 Qe6+ 32. Ne5 Rg2 33. Bf2 Qb3+ 34. Ke4 Qb5 35. Nd3 Qc4+ 36. Ke3 Rh2 37. Rd1 Rh3+ 38. Ke2 b6 39. cxb6 axb6 40. Rd2 Qe4+ 41. Kd1 Rxd3 0-1


[Site "https://www.chess.com"]

[Event "Titled Tuesday Blitz May 23 Late 2023"]
[White "D`Arruda, Ricardo D."]
[Black "Volkov, Maksim"]
[WhiteFideId "100692"]
[BlackFideId "54123070"]
[WhiteElo "2442"]
[BlackElo "2297"]
[Result "0-1"]
[Round "03"]
[TimeControl "180+2"]
[Date "2023.05.23"]
[WhiteClock "0:00:41"]
[BlackClock "0:01:14"]

1. Nf3 d5 2. d4 Nf6 3. c4 e6 4. Nc3 c6 5. e3 Nbd7 6. Bd3 dxc4 7. Bxc4 b5 8. Bb3 Bb7 9. O-O Bd6 10. e4 e5 11. dxe5 Nxe5 12. Bg5 O-O 13. Re1 h6 14. Bh4 Re8 15. Nd4 Ng6 16. Nf5 Be5 17. Bg3 b4 18. Na4 Bxg3 19. Nxg3 Qa5 20. Rc1 Rad8 21. Qf3 Ne5 22. Qf5 Bc8 23. Rc5 Qxc5 24. Nxc5 Bxf5 25. Nxf5 Nd3 26. Nxd3 Rxd3 27. f3 Nd7 28. Rc1 Ne5 29. h4 h5 30. Kh2 g6 31. Ng3 Rd2 32. Nf1 Rxb2 33. Kg3 Kg7 34. Ne3 Rd8 35. f4 Rd3 36. fxe5 Rxe3+ 37. Kf4 Rc3 38. Rd1 Rf2+ 39. Kg5 Rg3# 0-1


[Site "https://www.chess.com"]

[Event "Titled Tuesday Blitz May 23 Late 2023"]
[White "Chen, Ryo"]
[Black "Mackster23"]
[WhiteFideId "7003072"]
[WhiteElo "2169"]
[BlackElo "2440"]
[Result "1-0"]
[Round "03"]
[TimeControl "180+2"]
[Date "2023.05.23"]
[WhiteClock "0:00:42"]
[BlackClock "0:00:02"]

1. e4 c5 2. Nf3 d6 3. d4 cxd4 4. Nxd4 Nf6 5. Nc3 a6 6. Be2 e5 7. Nb3 Be6 8. O-O Be7 9. f4 Qc7 10. f5 Bc4 11. Bg5 Nbd7 12. Bd3 O-O 13. Nd2 Bxd3 14. cxd3 Qb6+ 15. Kh1 Qxb2 16. Ne2 Qb5 17. Nc4 d5 18. Rb1 Qc5 19. exd5 Nxd5 20. Bxe7 Nxe7 21. Rxb7 Nf6 22. Qd2 Rad8 23. Qc2 Nc6 24. Nc3 Nb4 25. Rxb4 Qxb4 26. Nxe5 Qd4 27. Nc6 Qxd3 28. Qc1 Rd7 29. Ne5 Qd6 30. Nxd7 Qxd7 31. Qf4 Re8 32. h3 h5 33. Kh2 Qd3 34. Rf3 Qc2 35. Rg3 Kh7 36. Qg5 Rg8 37. Nd5 Qb2 38. Nxf6+ Qxf6 39. Qxh5+ Qh6 40. Qxf7 a5 41. Rg4 Qd6+ 42. Rg3 Rc8 43. Qxg7# 1-0


[Site "https://www.chess.com"]

[Event "Titled Tuesday Blitz May 23 Late 2023"]
[White "Morefield, Jason"]
[Black "Wizard_of_Odds"]
[WhiteFideId "30920825"]
[WhiteElo "2171"]
[BlackElo "2440"]
[Result "1-0"]
[Round "03"]
[TimeControl "180+2"]
[Date "2023.05.23"]
[WhiteClock "0:00:20"]
[BlackClock "0:00:00"]

1. e4 c5 2. Nf3 d6 3. Bb5+ Nd7 4. c4 Nf6 5. Nc3 e6 6. O-O Be7 7. d4 cxd4 8. Qxd4 a6 9. Bxd7+ Bxd7 10. e5 dxe5 11. Nxe5 Qc7 12. Bf4 Qc5 13. Qxc5 Bxc5 14. Rfd1 Rd8 15. Nd3 Be7 16. h3 O-O 17. b3 h6 18. a4 Bc6 19. f3 g5 20. Be3 Bd6 21. Kf2 e5 22. Bb6 Rd7 23. Re1 Re8 24. Ne4 Nxe4+ 25. fxe4 Bc7 26. Bxc7 Rxd3 27. Re3 Rd2+ 28. Kf1 Re7 29. Bb6 Red7 30. Rae1 f6 31. R1e2 Rd1+ 32. Kf2 Kf7 33. a5 Kg6 34. Rb2 Rc1 35. Kg3 h5 36. Rf2 h4+ 37. Kh2 Rdd1 38. g4 Rh1+ 39. Kg2 Rhg1+ 40. Kh2 Rh1+ 41. Kg2 Rhg1+ 42. Kf3 Rg3+ 43. Ke2 Rxe3+ 44. Kxe3 Rc3+ 45. Kd2 Rxh3 46. Bd8 Bxe4 47. Rxf6+ Kg7 48. Rd6 Rxb3 49. Bxg5 Kf7 50. Bxh4 Rb4 51. Kc3 Rb1 52. Bd8 Bc6 53. g5 e4 54. g6+ Kg7 55. Bb6 Rg1 56. Bxg1 1-0


[Site "https://www.chess.com"]

[Event "Titled Tuesday Blitz May 23 Late 2023"]
[White "QuiesPrecatio"]
[Black "benny_aizenberg"]
[WhiteElo "2438"]
[BlackElo "2691"]
[Result "0-1"]
[Round "03"]
[TimeControl "180+2"]
[Date "2023.05.23"]
[WhiteClock "0:00:02"]
[BlackClock "0:00:23"]

1. d4 f5 2. g3 Nf6 3. Bg2 g6 4. c3 Bg7 5. Nh3 O-O 6. Qb3+ Kh8 7. Nf4 Nc6 8. h4 d6 9. h5 gxh5 10. Nxh5 Nxh5 11. Rxh5 Qe8 12. Rh1 e5 13. dxe5 Nxe5 14. Bh6 Nd3+ 15. Kf1 Nc5 16. Qc4 Be6 17. Qh4 Qg6 18. Bxg7+ Qxg7 19. Nd2 Rae8 20. Bf3 Bd7 21. Qd4 Qxd4 22. cxd4 Ne4 23. Bxe4 fxe4 24. e3 Rf6 25. Rh4 d5 26. Kg2 Ref8 27. Rf4 Rxf4 28. exf4 Rf6 29. Rh1 Rc6 30. Rh5 Rc2 31. Nf1 Bg4 32. Ne3 Bf3+ 33. Kh3 Rc1 34. g4 c6 35. Kh4 Kg7 36. Kg5 Rg1 37. f5 c5 38. f6+ Kg8 39. dxc5 d4 40. Nf5 Rxg4+ 41. Kh6 Rg6# 0-1


[Site "https://www.chess.com"]

[Event "Titled Tuesday Blitz May 23 Late 2023"]
[White "Horvath, Dominik"]
[Black "SergioMoralesG"]
[WhiteFideId "1642561"]
[WhiteElo "2407"]
[BlackElo "2437"]
[Result "1-0"]
[Round "03"]
[TimeControl "180+2"]
[Date "2023.05.23"]
[WhiteClock "0:00:50"]
[BlackClock "0:00:16"]

1. e4 c5 2. c3 Nf6 3. e5 Nd5 4. Bc4 e6 5. Nf3 d6 6. d4 cxd4 7. cxd4 Nc6 8. O-O Be7 9. Qe2 O-O 10. Qe4 g6 11. Bb3 dxe5 12. dxe5 Na5 13. Bc2 Nb4 14. Bd1 Qd3 15. Nc3 Bd7 16. Qf4 Bc6 17. Qh6 Bxf3 18. Bxf3 Nc2 19. Be4 Qd4 20. Bxc2 Qxe5 21. Bf4 Qc5 22. Rad1 Rfd8 23. Ne4 Qxc2 24. Be5 f6 25. Nxf6+ Bxf6 26. Bxf6 Qc7 27. Rxd8+ Rxd8 28. Bxd8 Qxd8 29. h3 Nc6 30. Qe3 Qd5 31. b3 e5 32. Rc1 Kf7 33. Kh2 Kg7 34. a3 Qd4 35. b4 Qxe3 36. fxe3 a6 37. Rd1 Kf6 38. Rd7 1-0


[Site "https://www.chess.com"]

[Event "Titled Tuesday Blitz May 23 Late 2023"]
[White "Alex_Sahakyan2006"]
[Black "Gurevich, Dmitry"]
[BlackFideId "2000407"]
[WhiteElo "2685"]
[BlackElo "2506"]
[Result "0-1"]
[Round "03"]
[TimeControl "180+2"]
[Date "2023.05.23"]
[WhiteClock "0:00:00"]
[BlackClock "0:00:25"]

1. d4 Nf6 2. Bf4 c5 3. e3 g6 4. Nc3 cxd4 5. exd4 Bg7 6. Nf3 O-O 7. Bd3 d6 8. Ne4 Nxe4 9. Bxe4 Nc6 10. c3 e5 11. dxe5 dxe5 12. Qxd8 Rxd8 13. Bg5 f6 14. Be3 f5 15. Bc2 e4 16. Bb3+ Kh8 17. Ng5 Ne5 18. O-O h6 19. Nf7+ Nxf7 20. Bxf7 g5 21. Rfd1 Bd7 22. Rd6 Bc6 23. Rad1 Rxd6 24. Rxd6 f4 25. Bd4 Bxd4 26. cxd4 Kg7 27. Bg6 e3 28. fxe3 fxe3 29. Bd3 Re8 30. Kf1 e2+ 31. Bxe2 Bxg2+ 32. Kf2 Be4 33. Bh5 Re7 34. d5 Bf5 35. Rd8 Re5 36. d6 Rd5 37. Ke3 Rd3+ 38. Ke2 Rd4 39. Bf3 b6 40. a3 Kf6 41. Rf8+ Ke5 0-1


[Site "https://www.chess.com"]

[Event "Titled Tuesday Blitz May 23 Late 2023"]
[White "Buchenau, Frank"]
[Black "Maltsevskaya, Aleksandra"]
[WhiteFideId "4604350"]
[BlackFideId "24174041"]
[WhiteElo "2157"]
[BlackElo "2302"]
[Result "1-0"]
[Round "03"]
[TimeControl "180+2"]
[Date "2023.05.23"]
[WhiteClock "0:00:14"]
[BlackClock "0:00:00"]

1. e4 c5 2. Nf3 e6 3. d4 cxd4 4. Nxd4 Nf6 5. Nc3 Nc6 6. Be3 Bb4 7. Bd3 d5 8. Nxc6 bxc6 9. e5 Nd7 10. Qg4 Bxc3+ 11. bxc3 g6 12. Qg3 h5 13. h4 a5 14. O-O Ba6 15. Rab1 Bxd3 16. cxd3 O-O 17. Rb7 Rb8 18. Rfb1 Rxb7 19. Rxb7 Qc8 20. Rb1 c5 21. Bg5 Re8 22. Bf6 Nxf6 23. exf6 e5 24. Rb5 a4 25. Rb6 Qf5 26. Qf3 e4 27. Qxf5 gxf5 28. dxe4 dxe4 29. Rc6 Rd8 30. Rxc5 Rd1+ 31. Kh2 Rd2 32. Kg3 f4+ 33. Kxf4 Rxf2+ 34. Kxe4 Rxa2 35. Rg5+ Kh7 36. Rg7+ Kh6 37. Kf3 a3 38. Rxf7 Kg6 39. Ra7 Kxf6 40. Ra6+ Kf7 41. c4 Ra1 42. c5 a2 43. Kg3 Rc1 44. Rxa2 Rxc5 45. Rf2+ Kg6 46. Re2 Rc4 47. Rf2 Rg4+ 48. Kh3 Rc4 49. Rf3 Rb4 50. Rg3+ Kh6 51. Rg5 Rb3+ 52. Kh2 Rb4 53. Kg3 Rb3+ 54. Kh2 Rb4 55. g3 Rb2+ 56. Kg1 Rb1+ 57. Kf2 Rb2+ 58. Kf3 Rb3+ 59. Kf4 Rb4+ 60. Kf5 Rb5+ 61. Kf6 Rb6+ 62. Kf7 Rb7+ 63. Ke6 Rb6+ 64. Kd7 Rb7+ 65. Kc6 1-0


[Site "https://www.chess.com"]

[Event "Titled Tuesday Blitz May 23 Late 2023"]
[White "Bouget, Alexandre"]
[Black "Annaberdiyev, Meylis"]
[WhiteFideId "681318"]
[BlackFideId "14000563"]
[WhiteElo "2189"]
[BlackElo "2416"]
[Result "0-1"]
[Round "03"]
[TimeControl "180+2"]
[Date "2023.05.23"]
[WhiteClock "0:00:21"]
[BlackClock "0:00:16"]

1. d4 Nf6 2. c4 g6 3. Nc3 Bg7 4. e4 d6 5. Be2 O-O 6. Nf3 e5 7. O-O exd4 8. Nxd4 Re8 9. f3 c6 10. Kh1 Nbd7 11. Nc2 Qe7 12. Bf4 Ne5 13. Qd2 Be6 14. b3 Rad8 15. Rad1 Nh5 16. Be3 Qh4 17. Bf2 Qf6 18. Bxa7 Nf4 19. Be3 g5 20. Rfe1 h6 21. Nd4 Bc8 22. Bf1 h5 23. g3 c5 24. gxf4 cxd4 25. Bxd4 Qxf4 26. Qxf4 gxf4 27. Bg2 Be6 28. Nd5 Bxd5 29. cxd5 Ng6 30. Bh3 Bxd4 31. Rxd4 Ne5 32. Kg2 Kh7 33. Rc1 Re7 34. Bf5+ Kh6 35. Kf2 Rg8 36. Rb4 Nd3+ 0-1


[Site "https://www.chess.com"]

[Event "Titled Tuesday Blitz May 23 Late 2023"]
[White "Prohaszka, Peter"]
[Black "Dudzinski, Pawel"]
[WhiteFideId "726265"]
[BlackFideId "1117890"]
[WhiteElo "2626"]
[BlackElo "2099"]
[Result "1-0"]
[Round "03"]
[TimeControl "180+2"]
[Date "2023.05.23"]
[WhiteClock "0:00:13"]
[BlackClock "0:00:00"]

1. d4 d5 2. Nf3 f5 3. Bf4 c6 4. e3 e6 5. c4 Nf6 6. Nc3 Be7 7. h3 O-O 8. Qc2 Ne4 9. g4 Nd7 10. gxf5 exf5 11. cxd5 cxd5 12. Nxd5 Qa5+ 13. Nc3 Bb4 14. Bc4+ Kh8 15. Rc1 Nb6 16. Bb3 Bd7 17. O-O Rac8 18. Ne5 Be8 19. Qe2 Bxc3 20. bxc3 Rxc3 21. Qb2 Bh5 22. f3 Rxc1 23. Rxc1 Nd2 24. Bd1 Ndc4 25. Qe2 Nxe5 26. Bxe5 Nd7 27. Bc7 Qd5 28. Kf2 Rc8 29. Bb3 Qxf3+ 30. Qxf3 Bxf3 31. Kxf3 Nf6 32. Rc2 Rxc7 33. Rxc7 1-0


[Site "https://www.chess.com"]

[Event "Titled Tuesday Blitz May 23 Late 2023"]
[White "Ehlvest, Jaan"]
[Black "Fernandez Siles, Luis"]
[WhiteFideId "4500016"]
[BlackFideId "2209420"]
[WhiteElo "2442"]
[BlackElo "2195"]
[Result "1-0"]
[Round "03"]
[TimeControl "180+2"]
[Date "2023.05.23"]
[WhiteClock "0:01:15"]
[BlackClock "0:00:48"]

1. e4 c5 2. Nf3 Nc6 3. Bb5 g6 4. Bxc6 dxc6 5. d3 Bg7 6. h3 Nf6 7. Nc3 Nd7 8. Be3 e5 9. Qd2 h6 10. O-O b6 11. Nh2 Nf8 12. f4 exf4 13. Rxf4 Be6 14. a4 a5 15. Rf2 Nd7 16. Raf1 Bd4 17. Nf3 Bxe3 18. Qxe3 Qe7 19. d4 Bc4 20. Rd1 Rd8 21. b3 Be6 22. d5 Bxd5 23. Nxd5 cxd5 24. Rxd5 Nf6 25. Re5 1-0


[Site "https://www.chess.com"]